 Dungeon Crawl Stone Soup version 0.21.1-1-g345015f (webtiles) character file.

702 keltmir the Charmwright (level 7, -7/56 HPs)
             Began as a Gnoll Skald on Apr 8, 2018.
             Mangled by an ogre
             ... wielding a +0 giant club
              (8 damage)
             ... on level 5 of the Dungeon.
             The game lasted 00:12:39 (3906 turns).

keltmir the Charmwright (Gnoll Skald)               Turns: 3906, Time: 00:12:40

Health: -7/56      AC:  7    Str: 15    XL:     7   Next: 66%
Magic:  13/15      EV: 12    Int: 16    God:
Gold:   176        SH:  0    Dex: 14    Spells: 10/17 levels left

rFire    . . .     SeeInvis .   a - +0 hand axe
rCold    + . .     Gourm    .   (no shield)
rNeg     . . .     Faith    .   r - +0 scale mail {rPois}
rPois    +         Spirit   .   (no helmet)
rElec    .         Reflect  .   (no cloak)
rCorr    .         Harm     .   (no gloves)
MR       .....                  (no boots)
Stlth    +.........             (no amulet)
HPRegen  0.18/turn              e - ring of protection from cold
MPRegen  0.14/turn              (no ring)

@: no status effects
A: distributed training, fangs 1, strong nose
a: no special abilities


You were on level 5 of the Dungeon.
You were not hungry.

You visited 1 branch of the dungeon, and saw 5 of its levels.

You collected 176 gold pieces.

Inventory:

Hand Weapons
 a - a +0 hand axe (weapon)
Missiles
 j - 2 steel tomahawks
 s - 4 tomahawks (quivered)
Armour
 r - a +0 scale mail of poison resistance (worn)
Jewellery
 e - a ring of protection from cold (left hand)
 k - an uncursed amulet of faith {unknown}
 t - an uncursed ring of fire {unknown}
Scrolls
 g - a scroll of fear
 l - 2 scrolls of enchant armour
 q - 2 scrolls of enchant weapon
 u - a scroll of amnesia {unknown}
 v - a scroll of teleportation {unknown}
Potions
 b - a potion of flight {unknown}
 f - a potion of haste
 h - 4 potions of curing
 m - a potion of ambrosia {unknown}
 n - a potion of mutation
 o - a potion of might {unknown}
 p - a potion of lignification {unknown}
Books
 c - a book of Battle

   Spells                             Type                      Level
   a - Infusion                       Charms                       1
   b - Shroud of Golubria             Charms/Translocation         2
   c - Song of Slaying                Charms                       2
   d - Spectral Weapon                Hexes/Charms                 3
   e - Regeneration                   Charms/Necromancy            3
Comestibles
 d - 10 rations


   Skills:
 + Level 5.3 Fighting
 + Level 2.6 Short Blades
 + Level 2.6 Long Blades
 + Level 5.3 Axes
 + Level 2.6 Maces & Flails
 + Level 2.6 Polearms
 + Level 2.6 Staves
 + Level 2.6 Slings
 + Level 2.6 Bows
 + Level 2.6 Crossbows
 + Level 2.6 Throwing
 + Level 3.7 Armour
 + Level 5.3 Dodging
 + Level 2.6 Stealth
 + Level 2.6 Shields
 + Level 2.6 Unarmed Combat
 + Level 5.6 Spellcasting
 + Level 2.1 Conjurations
 + Level 2.1 Hexes
 + Level 5.9 Charms
 + Level 2.1 Summonings
 + Level 2.1 Necromancy
 + Level 2.1 Translocations
 + Level 2.1 Transmutations
 + Level 2.1 Fire Magic
 + Level 2.1 Ice Magic
 + Level 2.1 Air Magic
 + Level 2.1 Earth Magic
 + Level 2.1 Poison Magic
 + Level 2.9 Invocations
 + Level 2.6 Evocations


You had 10 spell levels left.
You knew the following spells:

 Your Spells              Type           Power        Failure   Level  Hunger
a - Infusion              Chrm           ###.         4%          1    None
b - Regeneration          Chrm/Necr      ###.......   30%         3    ##.....
c - Spectral Weapon       Hex/Chrm       ###.....     30%         3    ##.....


Dungeon Overview and Level Annotations

Branches:
Dungeon (5/15)
 Temple: D:4-7

Altars:


Innate Abilities, Weirdness & Mutations

Your experience applies equally to all skills.
You have very sharp teeth.
Your uncanny sense of smell can sniff out nearby items.


Message History

Your scale mail prevents you from hitting the ogre.
Your spectral weapon hits the ogre.
The ogre hits you with a giant club!!
* * * LOW HITPOINT WARNING * * *
You eat one of the 11 rations.
That ration really hit the spot!
You feel much better. The ogre hits you with a giant club!
* * * LOW HITPOINT WARNING * * *
You closely miss the ogre.
The ogre is lightly wounded.
Your spectral weapon hits the ogre.
The ogre barely misses you.
You hit the ogre.
The ogre is moderately wounded.
Your spectral weapon hits the ogre!
The ogre hits your spectral weapon with a giant club!!
Your spectral weapon shares its damage with you!
Your spectral weapon fades away.
* * * LOW HITPOINT WARNING * * *
You barely miss the ogre. You bite the ogre.
The ogre is severely wounded.
The ogre hits you with a giant club!
You die...

.#.. #..#
.#.###..#
.......# ...
...# ##
#.###..# ..
#.#....#
.###.###O###..#
.......@...)..#
..............#
.###.###.###..#
∆ # #.#.#.##
..###.###.#.#.#
..............#
###..###.#.####
.........#.#
########.#.#


You could see an ogre.

Vanquished Creatures
  A hippogriff (D:4)
  An ogre (D:4)
  2 scorpions
  2 hounds (D:4)
  2 orc wizards
  2 worker ants
  6 adders
  A shadow imp (D:5)
  An ooze (D:3)
  A worm (D:2)
  4 dart slugs
  5 leopard geckos
  10 orcs
  A bat zombie (D:1)
  12 giant cockroaches
  7 goblins
  7 hobgoblins
  8 jackals
  3 quokkas
  A ball python (D:1)
  A ball python zombie (D:1)
  7 bats
  4 frilled lizards
  8 kobolds
  6 rats
103 creatures vanquished.

Vanquished Creatures (others)
  A spectral weapon (D:5)
1 creature vanquished.

Grand Total: 104 creatures vanquished

Notes
Turn   | Place    | Note
-------+----------+-------------------------------------------
     0 | D:1      | keltmir the Gnoll Skald began the quest for the Orb.
     0 | D:1      | Reached XP level 1. HP: 20/20 MP: 6/6
   152 | D:1      | Reached XP level 2. HP: 14/26 MP: 7/7
   647 | D:1      | Reached XP level 3. HP: 30/31 MP: 9/9
   669 | D:1      | Reached skill level 5 in Spellcasting
   960 | D:2      | Learned a level 3 spell: Regeneration
   964 | D:2      | Learned a level 3 spell: Spectral Weapon
  1063 | D:2      | Reached skill level 1 in Invocations
  1113 | D:2      | Reached skill level 1 in Short Blades
  1113 | D:2      | Reached skill level 1 in Long Blades
  1113 | D:2      | Reached skill level 1 in Maces & Flails
  1113 | D:2      | Reached skill level 1 in Polearms
  1113 | D:2      | Reached skill level 1 in Staves
  1113 | D:2      | Reached skill level 1 in Slings
  1113 | D:2      | Reached skill level 1 in Bows
  1113 | D:2      | Reached skill level 1 in Crossbows
  1113 | D:2      | Reached skill level 1 in Throwing
  1113 | D:2      | Reached skill level 1 in Stealth
  1113 | D:2      | Reached skill level 1 in Shields
  1113 | D:2      | Reached skill level 1 in Unarmed Combat
  1113 | D:2      | Reached skill level 1 in Evocations
  1118 | D:2      | Reached XP level 4. HP: 33/38 MP: 8/11
  1467 | D:2      | Reached skill level 1 in Conjurations
  1467 | D:2      | Reached skill level 1 in Hexes
  1467 | D:2      | Reached skill level 1 in Summonings
  1467 | D:2      | Reached skill level 1 in Necromancy
  1467 | D:2      | Reached skill level 1 in Translocations
  1467 | D:2      | Reached skill level 1 in Transmutations
  1467 | D:2      | Reached skill level 1 in Fire Magic
  1467 | D:2      | Reached skill level 1 in Ice Magic
  1467 | D:2      | Reached skill level 1 in Air Magic
  1467 | D:2      | Reached skill level 1 in Earth Magic
  1467 | D:2      | Reached skill level 1 in Poison Magic
  2051 | D:3      | Reached XP level 5. HP: 38/43 MP: 12/12
  2784 | D:4      | Reached XP level 6. HP: 36/50 MP: 9/13
  3088 | D:4      | Reached skill level 5 in Fighting
  3088 | D:4      | Reached skill level 5 in Axes
  3088 | D:4      | Reached skill level 5 in Dodging
  3130 | D:4      | Noticed a hippogriff
  3141 | D:4      | Killed a hippogriff
  3141 | D:4      | Reached XP level 7. HP: 35/56 MP: 12/15
  3849 | D:5      | Entered Level 5 of the Dungeon
  3905 | D:5      | HP: 1/56 [ogre/giant club (7)]
  3906 | D:5      | Mangled by an ogre

Skill      XL: |  1  2  3  4  5  6  7 |
---------------+----------------------+-----
Spellcasting   | 5 |  5.6
Invocations    | 1 2 |  2.9
Short Blades   | 1 2 |  2.6
Long Blades    | 1 2 |  2.6
Maces & Flails | 1 2 |  2.6
Polearms       | 1 2 |  2.6
Staves         | 1 2 |  2.6
Slings         | 1 2 |  2.6
Bows           | 1 2 |  2.6
Crossbows      | 1 2 |  2.6
Throwing       | 1 2 |  2.6
Stealth        | 1 2 |  2.6
Shields        | 1 2 |  2.6
Unarmed Combat | 1 2 |  2.6
Evocations     | 1 2 |  2.6
Conjurations   | 1 2 |  2.1
Hexes          | 1 2 |  2.1
Summonings     | 1 2 |  2.1
Necromancy     | 1 2 |  2.1
Translocations | 1 2 |  2.1
Transmutations | 1 2 |  2.1
Fire Magic     | 1 2 |  2.1
Ice Magic      | 1 2 |  2.1
Air Magic      | 1 2 |  2.1
Earth Magic    | 1 2 |  2.1
Poison Magic   | 1 2 |  2.1
Armour         | 3 |  3.7
Fighting       | 5 |  5.3
Axes           | 5 |  5.3
Dodging        | 5 |  5.3
Charms         | |  5.9

Action                   |  1- 3 |  4- 6 |  7- 9 || total
-------------------------+-------+-------+-------++-------
Melee: Hand axe          |   100 |   209 |    60 ||   369
       Bite              |     5 |    25 |     9 ||    39
       Punch             |       |     1 |     1 ||     2
 Cast: Infusion          |     1 |       |       ||     1
       Spectral Weapon   |     3 |     8 |     4 ||    15
       Regeneration      |     1 |     6 |     1 ||     8
  Use: Scroll            |     5 |     7 |     1 ||    13
       Potion            |       |     1 |     1 ||     2
  Eat: Chunk             |     1 |     7 |     2 ||    10
       Ration            |       |       |     1 ||     1
Armor: Leather armour    |    22 |    57 |     7 ||    86
       Scale mail        |       |       |     5 ||     5
Dodge: Dodged            |    91 |   177 |    47 ||   315
